 Dungeon Crawl Stone Soup version 0.25-a0-96-g4073cf80fb (webtiles) character file.

Game seed: 134779398878780078, levelgen mode: deterministic

44 vurker the Magician (level 3, 0/25 HPs)
             Began as a Mummy Fire Elementalist on Nov 11, 2019.
             Slain by Terence
             ... wielding a +0 hand axe
              (4 damage)
             ... on level 2 of the Dungeon.
             The game lasted 00:02:05 (1595 turns).

vurker the Magician (Mummy Fire Elementalist)       Turns: 1595, Time: 00:02:05

Health: 0/25       AC:  3    Str: 11    XL:     3   Next: 39%
Magic:  1/7        EV: 12    Int: 15    God:
Gold:   33         SH:  0    Dex: 12    Spells: 7/8 levels left

rFire    x . .     SeeInvis .   (no weapon)
rCold    + . .     Gourm    .   (no shield)
rNeg     + + +     Faith    .   a - +1 robe
rPois    ∞         Spirit   .   (no helmet)
rElec    .         Reflect  .   (no cloak)
rCorr    .         Harm     .   (no gloves)
MR       .....                  (no boots)
Stlth    ++........             (no amulet)
HPRegen  0.08/turn              (no ring)
MPRegen  0.10/turn              (no ring)

@: no status effects
A: no food or potions, fire vulnerability, cold resistance 1, negative energy
resistance 3, torment resistance, unbreathing
a: no special abilities


You were on level 2 of the Dungeon.
You were not hungry.

You visited 1 branch of the dungeon, and saw 2 of its levels.

You collected 33 gold pieces.

Inventory:

Armour
 a - a +1 robe (worn)
Scrolls
 b - 2 scrolls of enchant weapon
 d - a scroll of identify {unknown}


   Skills:
 + Level 0.8 Fighting
 - Level 1.5 Dodging
 - Level 1.5 Stealth
 * Level 3.3 Spellcasting
 * Level 1.6 Conjurations
 * Level 2.8 Fire Magic


You had 7 spell levels left.
You knew the following spells:

 Your Spells              Type           Power        Failure   Level  Hunger
a - Flame Tongue          Conj/Fire      #....        8%          1    N/A

Your spell library contained the following spells:

 Spells                   Type           Power        Failure   Level  Hunger
 Throw Flame              Conj/Fire      #.....       12%         2    N/A
 Conjure Flame            Conj/Fire      #.......     24%         3    N/A
 Inner Flame              Hex/Fire       #.......     32%         3    N/A
 Sticky Flame             Conj/Fire      #.......     61%         4    N/A
 Fireball                 Conj/Fire      #.........   91%         5    N/A

Dungeon Overview and Level Annotations

Branches:
Dungeon (2/15)

Altars:

Annotations:
D:2 Terence


Innate Abilities, Weirdness & Mutations

You do not eat or drink.
Your flesh is vulnerable to fire.
You are immune to poison.
Your flesh is cold resistant. (rC+)
You are immune to negative energy. (rN+++)
You are immune to unholy pain and torment.
You can survive without breathing.


Message History

The flame tongue hits the worm!
You kill the worm!
You can't see any susceptible monsters within range! (Use Z to cast anyway.)
There is an open door here.
Terence the Incautious comes into view.
He is wielding a +0 hand axe.
Found 11 gold pieces.
You can't see any susceptible monsters within range! (Use Z to cast anyway.)
You can't see any susceptible monsters within range! (Use Z to cast anyway.)
Found 6 gold pieces.
Aim: Terence, wielding a +0 hand axe and wearing a +0 chain mail The flame tongue hits Terence but does no damage.
Aim: Terence, wielding a +0 hand axe and wearing a +0 chain mail The flame tongue hits Terence.
Terence asks, "Do you want it fast or slow?"
Aim: Terence, wielding a +0 hand axe and wearing a +0 chain mail (moderately wounded)
The flame tongue hits Terence but does no damage.
Terence hits you with a +0 hand axe.
Aim: Terence, wielding a +0 hand axe and wearing a +0 chain mail (moderately wounded)
The flame tongue hits Terence!
Terence barely misses you.
Aim: Terence, wielding a +0 hand axe and wearing a +0 chain mail (severely wounded)
The flame tongue hits Terence but does no damage.
Terence hits you with a +0 hand axe.
Aim: Terence, wielding a +0 hand axe and wearing a +0 chain mail (severely wounded)
The flame tongue hits Terence but does no damage.
Terence closely misses you.
Aim: Terence, wielding a +0 hand axe and wearing a +0 chain mail (severely wounded)
The flame tongue hits Terence but does no damage.
Terence hits you but does no damage.
You don't have enough magic to cast that spell.
You closely miss Terence. Terence hits you with a +0 hand axe.
You barely miss Terence. Terence barely misses you.
You hit Terence but do no damage. Terence hits you with a +0 hand axe.
* * * LOW HITPOINT WARNING * * *
You barely miss Terence. Terence closely misses you.
Aim: Terence, wielding a +0 hand axe and wearing a +0 chain mail (severely wounded)
The flame tongue hits Terence but does no damage.
Unknown command.
You hit Terence but do no damage. Terence hits you with a +0 hand axe!
* * * LOW HITPOINT WARNING * * *
You barely miss Terence. Terence hits you with a +0 hand axe.
* * * LOW HITPOINT WARNING * * *
There is an open door here.
Terence barely misses you.
Aim: Terence, wielding a +0 hand axe and wearing a +0 chain mail (severely wounded)
The flame tongue hits Terence but does no damage.
You don't have enough magic to cast that spell.
You don't have enough magic to cast that spell.
There is an open door here.
Terence hits you with a +0 hand axe.
You die...

.##.........# #.# ............#
#.# .###........# #.# ##.......#
#.# #.......# #.########
###'##### #.....%...
#.################ #@#.........#
#@#.#######.# #.....#.# #%#
#.#####.#######.# #..........#(#
##.##.#####.#.###### #....>#
#.#....... ####### ###.########
#.#[#......#
######################.#.#.####.#


You could see Terence.

Vanquished Creatures
  A gnoll (D:1)
  2 oozes (D:1)
  A worm (D:2)
  A dart slug (D:1)
  2 giant cockroaches (D:1)
  4 hobgoblins (D:1)
  A kobold (D:1)
  2 bats
  4 frilled lizards
  A goblin (D:1)
  5 rats (D:1)
24 creatures vanquished.

Notes
Turn   | Place    | Note
-------+----------+-------------------------------------------
     0 | D:1      | vurker the Mummy Fire Elementalist began the quest for the
                  | Orb.
     0 | D:1      | Reached XP level 1. HP: 13/13 MP: 4/4
    73 | D:1      | Reached skill level 1 in Conjurations
   283 | D:1      | Reached XP level 2. HP: 18/20 MP: 0/5
   410 | D:1      | Reached skill level 3 in Spellcasting
   704 | D:1      | Reached XP level 3. HP: 25/25 MP: 2/7
  1561 | D:2      | Noticed Terence
  1595 | D:2      | Slain by Terence

Levels and vault maps discovered:
D:1:      shiori_arrival_oz, layout_loops_ring
D:2:      layout_basic, nicolae_overflow_hidden_temple,
          chequers_ecumenical_altar_twisty, minivault_26, uniq_terence

Skill      XL: |  1  2 |
---------------+-------+-----
Conjurations   | 1 |  1.6
Spellcasting   | 3 |  3.3
Fighting       | |  0.8
Dodging        | |  1.5
Stealth        | |  1.5
Fire Magic     | |  2.8

Action                   || total
-------------------------++-------
Melee: Unarmed           ||    24
 Cast: Flame Tongue      ||    56
  Use: Scroll            ||     4
 Stab: Sleeping          ||     1
Armor: Robe              ||     6
Dodge: Dodged            ||    38

Table legend:
 A = Non-vault XP
 B = Vault XP
 C = Vault XP percentage of total XP
 D = Non-vault monster count
 E = Vault monster count
 F = Vault count percentage of total count
                 A         B        C        D         E       F
            +---------+---------+-------+---------+---------+-------
      Total |      62 |       1 |   1.6 |      23 |       1 |   4.2
            +---------+---------+-------+---------+---------+-------
        D:1 |      54 |       1 |   1.8 |      20 |       1 |   4.8
        D:2 |       8 |       0 |   0.0 |       3 |       0 |   0.0
            +---------+---------+-------+---------+---------+-------
